 Dungeon Crawl Stone Soup version 0.31-a0-700-gf13585253f (webtiles) character file.

Game seed: 9745247890092079793

114525 qw the Marksgargoyle (level 16, -13/114 HPs)
             Began as a Gargoyle Hunter on Sept 7, 2023.
             Was a High Priest of Okawaru.
             Mangled by a salamander tyrant (17 damage)
             ... on level 2 of the Snake Pit.
             The game lasted 00:12:08 (23308 turns).

qw the Marksgargoyle (Gargoyle Hunter)             Turns: 23308, Time: 00:12:09

Health: -13/114    AC: 28    Str: 16    XL:     16   Next: 66%
Magic:  23/23      EV: 22    Int: 12    God:    Okawaru [*****.]
Gold:   804        SH:  0    Dex: 23    Spells: 15/15 levels left

rFire   . . .        f - +3 longbow (flame)
rCold   + . .        (shield currently unavailable)
rNeg    + + +        x - +0 troll leather armour
rPois   inf          a - +3 helmet "Qoczyg" {rN+ Int+3}
rElec   +            (no cloak)
rCorr   .            l - +2 pair of gloves
SInv    .            s - +2 pair of boots
Will    +....        u - amulet of faith
Stlth   +++          Y - ring of positive energy
HPRegen 1.19/turn    v - ring of protection from cold
MPRegen 0.18/turn

%: faith
@: about to teleport, heroic, weakened, flying, constricted
A: sickness immunity, AC +12, big wings, negative energy resistance 1,
electricity resistance, torment resistance 1, petrification resistance, agile 1
a: Renounce Religion, Heroism, Finesse, Duel


You were on level 2 of the Snake Pit.
You worshipped Okawaru.
Okawaru was extremely pleased with you.
You visited 5 branches of the dungeon, and saw 25 of its levels.

You collected 2244 gold pieces.
You spent 1440 gold pieces at shops.


Innate Abilities, Weirdness & Mutations

You are immune to sickness and miasma.
Your stone body is resilient. (AC +12)
You are immune to poison.
Your large and strong wings let you fly.
You resist negative energy. (rN+)
You are resistant to electric shocks. (rElec)
You are resistant to unholy torment.
You are immune to petrification.
You are agile. (Dex +4, Str/Int -1)


   Skills:
 - Level 17.9(22.9) Fighting
 + Level 18.1(23.1) Ranged Weapons
 - Level 8.0(13.0) Armour
 - Level 11.0(16.0) Dodging
 - Level 1.1(6.1) Stealth
 - Level 10.0 Invocations


You had 15 spell levels left.
You didn't know any spells.
Your spell library was empty.

Inventory:

Hand Weapons
 f - a +3 longbow of flaming (weapon)
Armour
 a - the +3 helmet "Qoczyg" (worn) {rN+ Int+3}
   (Okawaru gifted it to you on level 2 of the Orcish Mines)

   Int+3:     It affects your intelligence (+3).
   rN+:       It protects you from negative energy.
 h - a +1 ring mail of fire resistance
 k - the +1 robe of Card Tricks {Rampage rC+ Str-4 Slay+3}
   (You found it on level 8 of the Dungeon)

   Str-4:     It affects your strength (-4).
   Slay+3:    It affects your accuracy & damage with ranged weapons and melee
   (+3).
   rC+:       It protects you from cold.
   Rampage:   It bestows one free step when moving towards enemies.
 l - a +2 pair of gloves (worn)
 s - a +2 pair of boots (worn)
 x - a +0 troll leather armour (worn)
Jewellery
 q - an amulet of reflection
 r - a ring of positive energy
 u - an amulet of faith (around neck)
 v - a ring of protection from cold (right hand)
 w - a ring of fire
 Y - a ring of positive energy (left hand)
Scrolls
 c - 13 scrolls of identify
 d - a scroll of teleportation
 o - a scroll of enchant armour
Potions
 b - 2 potions of haste
 e - 2 potions of resistance
 g - 3 potions of might
 j - 9 potions of enlightenment
 m - 12 potions of curing
 n - 8 potions of mutation
 p - a potion of magic

Dungeon Overview and Level Annotations

Branches:
Dungeon (15/15)            Temple (1/1) D:7            Lair (5/5) D:10
  Swamp (0/4) Lair:3        Snake (2/4) Lair:2        Slime (0/5) Lair:5
    Orc (2/2) D:9             Elf (0/3) Orc:2        Vaults (0/5) D:14
 Depths (0/4) D:15

Altars:
Ashenzari
Cheibriados
Dithmenos
Elyvilon
Fedhas
Gozag
Hepliaklqana
Kikubaaqudgha
Makhleb
Nemelex Xobeh
Okawaru
Qazlal
Ru
Sif Muna
Trog
Uskayaw
Vehumet
Wu Jian
Xom
Yredelemnul
Zin
The Shining One
Jiyva

Shops:
D:4 [   Orc:2 (*[[[   Snake:2 (

Portals:
Abyss: D:11

Annotations:
D:4 1 runed translucent door, Crazy Yiuf
D:7 2 transporters, qw's ghost, novice MiHs
D:11 2 transporters, Tsarbomb's ghost, journeyman DsGl
Lair:5 2 runed translucent doors
Snake:1 2 transporters, 1 runed translucent door, Kicir's ghost, adept GnFi


Message History

The anaconda constricts you.
The naga sharpshooter shoots an arrow.
The arrow misses you. The black mamba bites you.
The black mamba barely misses you.
You hear a shout!
You shoot an arrow. The arrow hits the anaconda!
The arrow burns the anaconda.
You kill the anaconda!
Okawaru accepts your kill.
You hear an angry hiss.
The black mamba closely misses you.
The guardian serpent coils itself and waves its upper body at you.
You easily resist.
The salamander mystic completely misses you.
The black mamba barely misses you.
The salamander tyrant gazes fiercely through you!
You feel as though you will be weak longer.
The naga sharpshooter unwields a +0 shortbow.
The naga sharpshooter wields a +0 long sword.
The naga sharpshooter hits you but does no damage.
The naga sharpshooter grabs you. The naga sharpshooter constricts you.
You shoot an arrow.
The arrow hits the naga sharpshooter but does no damage.
The naga sharpshooter is lightly wounded.
The black mamba bites you.
The black mamba bites you but does no damage.
The black mamba barely misses you.
The salamander mystic hits you with a +4 scimitar.
You are engulfed in flames!
The salamander tyrant misses you.
23308 ||| READING 2 scrolls of teleportation.
As you read the scroll of teleportation, it crumbles to dust.
You feel strangely unstable.
The black mamba bites you but does no damage. x2
The black mamba closely misses you.
The naga sharpshooter unwields a +0 long sword.
The naga sharpshooter wields a +0 shortbow.
The naga sharpshooter shoots an arrow.
The arrow hits you but does no damage. The naga sharpshooter constricts you.
The black mamba bites you! The black mamba completely misses you.
The salamander mystic completely misses you.
The salamander tyrant hits you.
You are engulfed in flames!
You die...

# ##...####.....###.....
#..%).#.###...#\'.....
#..##)##).#.#...####.#..
#~#..#()#~#.##.....+....
#. #..#.)#..#
#.....#.#.. #
#.#####%###.##.........
#. #...#..# ##.#.#.#.. .
#NNS.# #.#...##. .
##@S#..# #......#. ##
#.NN###### #........
#.NS #........ #...
##....#.. #)#.#
##....... ....#
#........ .....
#........ .. ..
#......## #........


You could see 3 naga sharpshooters, a salamander tyrant, a salamander mystic, a
guardian serpent and 2 black mambas.

Vanquished Creatures
  Rupert (Lair:3)
  Kirke (D:13)
  2 nagarajas (Snake:2)
  3 jiangshi (D:13)
  Josephine (D:15)
  6 hydras
  2 catoblepae
  4 anacondas
  2 boulder beetles
  A centaur warrior (D:14)
  4 two-headed ogres
  A tengu warrior (D:14)
  A naga warrior (Snake:1)
  6 death yaks
  2 orc high priests (Orc:2)
  5 shock serpents
  A vampire mage (D:13)
  3 naga sharpshooters (Snake:1)
  A fire crab (Lair:5)
  Lodul (D:11)
  3 salamander mystics (Snake:2)
  A deep troll (D:14)
  A sea snake (Snake:1)
  2 bog bodies (Lair:3)
  3 naga ritualists
  A lindwurm (Lair:5)
  2 wizards
  A deep elf zephyrmancer (D:15)
  A necromancer (D:15)
  4 orc sorcerers
  A wolf spider zombie (D:15)
  2 deep elf pyromancers
  A mana viper (shapeshifter) (D:15)
  7 orc knights
  5 ugly things
  7 cyclopes
  6 salamanders
  2 mana vipers
  2 oklob plants (Lair:2)
  5 manticores
  16 elephants
  2 gargoyles
  10 cane toads
  18 black mambas
  2 centaur skeletons (D:15)
  3 molten gargoyles (Lair:5)
  5 naga magi
  A torpor snail (Lair:2)
  An efreet (D:10)
  Jeremiah (D:9)
  7 rime drakes
  4 yaktaurs (D:15)
  15 komodo dragons
  A redback zombie (D:15)
  A kobold demonologist (D:12)
  A freezing wraith (D:14)
  2 tengu conjurers
  9 trolls
  6 meliai (D:15)
  A polar bear (Lair:3)
  A raiju (shapeshifter) (D:14)
  38 blink frogs
  A jumping spider (shapeshifter) (D:14)
  3 shadows
  A slime creature (D:14)
  3 wraiths (D:15)
  A centaur simulacrum (D:14)
  6 vampires
  31 yaks
  3 basilisks
  10 wyverns
  4 humans (D:13)
  3 steam dragons
  A hog (D:13)
  A warg (Orc:1)
  Menkaure (D:4)
  9 vampire mosquitoes
  11 nagas
  3 swamp worms (Lair:3)
  2 acid dragons
  4 hell hounds (Lair:5)
  10 water moccasins
  2 sky beasts
  44 orc warriors
  17 ogres
  An ice beast (D:6)
  12 centaurs
  A wolf (Lair:3)
  3 phantoms
  3 kobold brigands
  A gnoll sergeant (D:9)
  10 bullfrogs
  4 scorpions
  4 killer bees (D:9)
  6 electric eels
  3 howler monkeys
  5 lava snakes (Lair:5)
  2 hounds
  5 jellies
  20 orc priests
  2 iguanas
  32 orc wizards
  5 gnolls (D:9)
  5 adders
  A river rat (D:10)
  2 white imps
  An ufetubus (D:6)
  4 worms
  A dart slug (D:1)
  109 orcs
  3 bats
  12 endoplasms
  3 goblins
  5 hobgoblins
  7 quokkas
  8 ball pythons
  4 frilled lizards
  22 kobolds
  6 rats
733 creatures vanquished.

Vanquished Creatures (others)
  A salamander (Snake:2)
1 creature vanquished.

Grand Total: 734 creatures vanquished

Notes
Turn   | Place    | Note
-------+----------+-------------------------------------------
     0 | D:1      | qw the Gargoyle Hunter began the quest for the Orb.
     0 | D:1      | Reached XP level 1. HP: 12/12 MP: 1/1
     0 | D:1      | 0 ||| qw: Version: 0.3-a-76-g4403597
     0 | D:1      | 0 ||| qw: Game counter: 549
     0 | D:1      | 0 ||| qw: Melee chars always use a shield: true
     0 | D:1      | 0 ||| qw: God list: Okawaru
     0 | D:1      | 0 ||| qw: Allow faded altars: false
     0 | D:1      | 0 ||| qw: Do Orc after clearing Dungeon:15 true
     0 | D:1      | 0 ||| qw: Do second Lair branch before Depths: true
     0 | D:1      | 0 ||| qw: Lair rune preference: random
     0 | D:1      | 0 ||| qw: Goals: Normal
     0 | D:1      | 0 ||| PLANNING D:1-11
   118 | D:1      | Reached XP level 2. HP: 17/17 MP: 2/2
   592 | D:1      | 592 ||| UPGRADING to +0 ring mail.
   602 | D:1      | 602 ||| DROPPING +0 leather armour.
   603 | D:1      | 603 ||| READING 2 scrolls labelled NODUDI HIRR.
   604 | D:1      | 604 ||| READING scroll labelled JIGHEF TOHEALA.
   605 | D:1      | 605 ||| READING scroll labelled VURAOV JATINO.
   606 | D:1      | 606 ||| READING scroll labelled JUROTW NETUIRCH.
   611 | D:1      | 611 ||| DROPPING scroll of butterflies.
   667 | D:2      | Reached skill level 1 in Armour
   667 | D:2      | Reached XP level 3. HP: 15/21 MP: 3/3
  1162 | D:2      | Reached skill level 5 in Ranged Weapons
  1423 | D:2      | 1423 ||| READING 3 scrolls labelled BISSYO PESM.
  1424 | D:2      | 1424 ||| DRINKING 4 red potions.
  1425 | D:2      | 1425 ||| READING 2 scrolls of identify.
  1425 | D:2      | 1425 ||| IDENTIFYING fuming orange potion
  1426 | D:2      | 1426 ||| DROPPING potion of berserk rage.
  1547 | D:3      | Identified the +5 hand axe "Beetleslayer" {pain, Fragile
                  | Will+ Str+2 Int+4}
  1601 | D:3      | Reached XP level 4. HP: 25/27 MP: 4/4
  1660 | D:3      | Reached skill level 3 in Fighting
  1851 | D:3      | 1851 ||| DROPPING amulet of magic regeneration.
  1852 | D:3      | 1852 ||| READING scroll labelled UMYOBLE XOASM.
  1853 | D:3      | 1853 ||| READING scroll labelled ZURUSUSUYCS.
  1948 | D:4      | Noticed a phantom
  1960 | D:4      | Killed a phantom
  1961 | D:4      | Reached XP level 5. HP: 29/32 MP: 5/5
  1998 | D:4      | Reached skill level 6 in Ranged Weapons
  2071 | D:4      | 2071 ||| READING scroll of enchant weapon.
  2071 | D:4      | 2071 ||| ENCHANTING +1 shortbow.
  2188 | D:4      | Found Yneiju's Armour Boutique.
  2236 | D:4      | Found a runed translucent door.
  2237 | D:4      | Noticed Crazy Yiuf
  2280 | D:4      | Noticed Menkaure
  2289 | D:4      | Killed Menkaure
  2290 | D:4      | Reached XP level 6. HP: 29/40 MP: 6/6
  2482 | D:4      | 2482 ||| BUYING +0 helmet (49 gold).
  2482 | D:4      | Bought a +0 helmet for 49 gold pieces
  2482 | D:4      | 2482 ||| SHOPLISTING +2 ring mail of willpower (231 gold,
                  | have 106).
  2753 | D:4      | 2753 ||| UPGRADING to +0 helmet.
  2758 | D:4      | 2758 ||| READING scroll of enchant armour.
  2758 | D:4      | 2758 ||| ENCHANTING +0 helmet.
  2759 | D:4      | 2759 ||| DRINKING 2 brown potions.
  2781 | D:5      | Entered Level 5 of the Dungeon
  2890 | D:5      | Found a sacrificial altar of Ru.
  3253 | D:5      | Reached XP level 7. HP: 38/44 MP: 7/7
  3282 | D:5      | Reached skill level 7 in Ranged Weapons
  3662 | D:5      | 3662 ||| UPGRADING to +2 pair of boots.
  3667 | D:5      | 3667 ||| READING 3 scrolls labelled PUYVEU WOLANKU.
  3668 | D:5      | 3668 ||| READING scroll labelled TIOCOGAECO.
  3669 | D:5      | 3669 ||| READING scroll labelled XEN VAODDICON.
  3702 | D:5      | 3702 ||| READING scroll labelled GUORUOMUHU.
  3703 | D:5      | 3703 ||| DRINKING 2 bubbling purple potions.
  3728 | D:5      | 3728 ||| DRINKING 2 yellow potions.
  3729 | D:5      | 3729 ||| READING 2 scrolls of identify.
  3729 | D:5      | 3729 ||| IDENTIFYING bubbling clear potion
  3730 | D:5      | 3730 ||| DROPPING 2 scrolls of fear.
  3731 | D:5      | 3731 ||| DROPPING potion of lignification.
  3793 | D:6      | Reached skill level 8 in Ranged Weapons
  3874 | D:6      | Reached XP level 8. HP: 33/49 MP: 8/8
  4029 | D:6      | Reached skill level 9 in Ranged Weapons
  4481 | D:6      | 4481 ||| READING scroll labelled SOROUJ JEYHI.
  4482 | D:6      | 4482 ||| READING scroll labelled QOSEL EDDYMP.
  4483 | D:6      | 4483 ||| DRINKING 2 viscous pink potions.
  4484 | D:6      | 4484 ||| DRINKING 3 sapphire potions.
  4484 | D:6      | Gained mutation: You are vulnerable to heat. (rF-) [potion
                  | of mutation]
  4485 | D:6      | 4485 ||| DRINKING 2 potions of mutation.
  4485 | D:6      | Lost mutation: You are vulnerable to heat. (rF-) [potion of
                  | mutation]
  4485 | D:6      | Gained mutation: You are agile. (Dex +4, Str/Int -1)
                  | [potion of mutation]
  4486 | D:6      | 4486 ||| READING 2 scrolls of identify.
  4486 | D:6      | 4486 ||| IDENTIFYING fuming dark potion
  4487 | D:6      | 4487 ||| DROPPING potion of degeneration.
  4488 | D:6      | 4488 ||| DROPPING potion of attraction.
  4580 | D:7      | Found a transporter.
  4583 | D:7      | Noticed a hornet
  4594 | D:7      | Found a transporter.
  4651 | D:7      | Reached skill level 6 in Fighting
  4662 | D:7      | Noticed qw's ghost (novice MiHs)
  4704 | D:7      | Found a staircase to the Ecumenical Temple.
  4705 | D:7      | 4705 ||| PLANNING TEMPLE
  4719 | Temple   | Entered the Ecumenical Temple
  4720 | Temple   | 4720 ||| PLANNING OKAWARU WORSHIP
  4760 | Temple   | Became a worshipper of Warmaster Okawaru
  4761 | Temple   | 4761 ||| PLANNING D:1-11
  5106 | D:7      | Reached skill level 10 in Ranged Weapons
  5142 | D:7      | Noticed a gargoyle
  5145 | D:7      | Reached XP level 9. HP: 55/55 MP: 9/9
  5148 | D:7      | Killed a gargoyle
  5148 | D:7      | Reached * piety under Okawaru
  5149 | D:7      | Reached skill level 3 in Dodging
  5279 | D:7      | 5279 ||| INVOKING Heroism.
  5281 | D:7      | Reached skill level 3 in Armour
  5500 | D:7      | 5500 ||| DRINKING 2 lumpy silvery potions.
  5501 | D:7      | 5501 ||| DRINKING 2 golden potions.
  5502 | D:7      | 5502 ||| DRINKING 2 cyan potions.
  5503 | D:7      | 5503 ||| DROPPING potion of brilliance.
  5611 | D:8      | 5611 ||| INVOKING Heroism.
  5612 | D:8      | 5612 ||| INVOKING Heroism.
  5613 | D:8      | 5613 ||| Stepping ~*~*~tactically~*~*~ (cloud).
  5799 | D:8      | 5799 ||| Stepping ~*~*~tactically~*~*~ (retreating).
  5804 | D:8      | Reached skill level 1 in Invocations
  5814 | D:8      | Reached skill level 3 in Invocations
  5816 | D:8      | 5816 ||| INVOKING Heroism.
  5954 | D:8      | 5954 ||| FLEEEEING.
  5955 | D:8      | 5955 ||| FLEEEEING.
  5956 | D:8      | 5956 ||| FLEEEEING.
  5957 | D:8      | 5957 ||| FLEEEEING.
  5958 | D:8      | 5958 ||| FLEEEEING.
  5959 | D:8      | 5959 ||| FLEEEEING.
  5971 | D:8      | 5971 ||| FLEEEEING.
  5981 | D:8      | 5981 ||| FLEEEEING.
  5982 | D:8      | 5982 ||| FLEEEEING.
  6053 | D:8      | Reached ** piety under Okawaru
  6131 | D:8      | 6131 ||| Stepping ~*~*~tactically~*~*~ (outnumbered).
  6136 | D:8      | 6136 ||| Stepping ~*~*~tactically~*~*~ (outnumbered).
  6236 | D:8      | Identified the +1 robe of Card Tricks {Rampage rC+ Str-4
                  | Slay+3}
  6236 | D:8      | Identified the +6 dagger "Qalliom" {protect, rC- Str+10}
  6261 | D:8      | 6261 ||| Stepping ~*~*~tactically~*~*~ (outnumbered).
  6262 | D:8      | 6262 ||| INVOKING Heroism.
  6270 | D:8      | Reached skill level 11 in Ranged Weapons
  6270 | D:8      | Reached XP level 10. HP: 53/63 MP: 11/13
  6406 | D:8      | 6406 ||| INVOKING Heroism.
  6519 | D:8      | 6519 ||| UPGRADING to +1 robe of Card Tricks {Rampage rC+
                  | Str-4 Slay+3}.
  6529 | D:8      | 6529 ||| DROPPING +0 ring mail.
  6530 | D:8      | 6530 ||| UPGRADING to ring of positive energy.
  6586 | D:9      | Found a staircase to the Orcish Mines.
  6674 | D:9      | 6674 ||| READING scroll of enchant weapon.
  6674 | D:9      | 6674 ||| ENCHANTING +2 heavy shortbow.
  6682 | D:9      | Noticed a manticore
  6683 | D:9      | 6683 ||| Stepping ~*~*~tactically~*~*~ (outnumbered).
  6685 | D:9      | 6685 ||| Stepping ~*~*~tactically~*~*~ (outnumbered).
  6687 | D:9      | 6687 ||| Stepping ~*~*~tactically~*~*~ (outnumbered).
  6689 | D:9      | 6689 ||| RETREATING.
  6701 | D:9      | 6701 ||| INVOKING Heroism.
  6707 | D:9      | Killed a manticore
  6909 | D:9      | 6909 ||| Stepping ~*~*~tactically~*~*~ (retreating).
  6916 | D:9      | 6916 ||| INVOKING Heroism.
  6975 | D:9      | 6975 ||| FLEEEEING.
  7030 | D:9      | 7030 ||| Stepping ~*~*~tactically~*~*~ (outnumbered).
  7032 | D:9      | 7032 ||| Stepping ~*~*~tactically~*~*~ (outnumbered).
  7034 | D:9      | 7034 ||| Stepping ~*~*~tactically~*~*~ (outnumbered).
  7140 | D:9      | Noticed Jeremiah
  7146 | D:9      | 7146 ||| INVOKING Heroism.
  7150 | D:9      | HP: 13/64 [Jeremiah/+4 trident of draining (11)]
  7151 | D:9      | 7151 ||| READING 3 scrolls of teleportation.
  7152 | D:9      | 7152 ||| DRINKING potion of heal wounds.
  7334 | D:9      | Reached skill level 12 in Ranged Weapons
  7335 | D:9      | Noticed a two-headed ogre
  7336 | D:9      | 7336 ||| INVOKING Heroism.
  7342 | D:9      | Killed a two-headed ogre
  7362 | D:9      | 7362 ||| UPGRADING to amulet of reflection.
  7367 | D:9      | 7367 ||| UPGRADING to ring of positive energy.
  7368 | D:9      | 7368 ||| READING 2 scrolls of identify.
  7368 | D:9      | 7368 ||| IDENTIFYING glowing white potion
  7369 | D:9      | 7369 ||| DROPPING potion of ambrosia.
  7385 | D:9      | 7385 ||| INVOKING Heroism.
  7396 | D:9      | Killed Jeremiah
  7557 | D:10     | Entered Level 10 of the Dungeon
  7566 | D:10     | 7566 ||| INVOKING Heroism.
  7595 | D:10     | 7595 ||| INVOKING Heroism.
  7600 | D:10     | Reached skill level 13 in Ranged Weapons
  7804 | D:10     | 7804 ||| INVOKING Heroism.
  7806 | D:10     | Reached *** piety under Okawaru
  8085 | D:10     | 8085 ||| SWAPPING to +0 orcbow.
  8086 | D:10     | Noticed a death yak
  8087 | D:10     | 8087 ||| INVOKING Heroism.
  8090 | D:10     | Noticed a death yak
  8094 | D:10     | Noticed a death yak
  8099 | D:10     | Killed a death yak
  8100 | D:10     | Reached skill level 9 in Fighting
  8100 | D:10     | Reached XP level 11. HP: 67/72 MP: 12/14
  8112 | D:10     | Killed a death yak
  8126 | D:10     | 8126 ||| INVOKING Heroism.
  8131 | D:10     | Killed a death yak
  8134 | D:10     | HP: 15/72 [yak (7)]
  8135 | D:10     | 8135 ||| READING 2 scrolls of teleportation.
  8139 | D:10     | Reached **** piety under Okawaru
  8338 | D:10     | 8338 ||| DROPPING +3 heavy shortbow.
  8339 | D:10     | 8339 ||| READING scroll of brand weapon.
  8339 | D:10     | 8339 ||| BRANDING +0 orcbow.
  8341 | D:10     | Found a staircase to the Lair.
  8345 | D:10     | 8345 ||| INVOKING Heroism.
  8394 | D:10     | 8394 ||| RETREATING.
  8395 | D:10     | 8395 ||| Stepping ~*~*~tactically~*~*~ (retreating).
  8730 | D:10     | 8730 ||| PLANNING LAIR
  8759 | Lair:1   | Entered Level 1 of the Lair of Beasts
  8763 | Lair:1   | 8763 ||| INVOKING Heroism.
  8877 | Lair:1   | 8877 ||| INVOKING Heroism.
  8880 | Lair:1   | Reached skill level 14 in Ranged Weapons
  8880 | Lair:1   | Reached skill level 6 in Invocations
  8962 | Lair:1   | 8962 ||| INVOKING Heroism.
  9140 | Lair:1   | 9140 ||| INVOKING Heroism.
  9142 | Lair:1   | 9142 ||| RETREATING.
  9226 | Lair:1   | 9226 ||| INVOKING Heroism.
  9341 | Lair:1   | 9341 ||| INVOKING Heroism.
  9355 | Lair:1   | Reached XP level 12. HP: 52/77 MP: 17/17
  9529 | Lair:1   | 9529 ||| RETREATING.
  9532 | Lair:1   | 9532 ||| INVOKING Heroism.
  9544 | Lair:1   | Reached ***** piety under Okawaru
  9837 | Lair:1   | 9837 ||| DROPPING amulet of the acrobat.
  9838 | Lair:1   | 9838 ||| DROPPING +6 ring of intelligence.
  9839 | Lair:1   | 9839 ||| READING scroll labelled TINWIH UT BOEG.
  9840 | Lair:1   | 9840 ||| READING 2 scrolls of identify.
  9840 | Lair:1   | 9840 ||| IDENTIFYING fizzy pink potion
  9891 | Lair:2   | 9891 ||| INVOKING Heroism.
  9903 | Lair:2   | 9903 ||| INVOKING Finesse.
 10005 | Lair:2   | 10005 ||| RETREATING.
 10056 | Lair:2   | Noticed a catoblepas
 10057 | Lair:2   | 10057 ||| INVOKING Heroism.
 10058 | Lair:2   | 10058 ||| INVOKING Finesse.
 10059 | Lair:2   | 10059 ||| INVOKING Finesse.
 10065 | Lair:2   | Killed a catoblepas
 10066 | Lair:2   | Reached skill level 15 in Ranged Weapons
 10066 | Lair:2   | Reached skill level 9 in Invocations
 10132 | Lair:2   | Noticed a seven-headed hydra
 10133 | Lair:2   | 10133 ||| INVOKING Heroism.
 10136 | Lair:2   | Killed a seven-headed hydra
 10189 | Lair:2   | 10189 ||| Stepping ~*~*~tactically~*~*~ (outnumbered).
 10201 | Lair:2   | 10201 ||| INVOKING Heroism.
 10350 | Lair:2   | Found a staircase to the Snake Pit.
 10401 | Lair:2   | 10401 ||| INVOKING Heroism.
 10449 | Lair:2   | 10449 ||| INVOKING Heroism.
 10466 | Lair:2   | 10466 ||| RETREATING.
 10495 | Lair:2   | Noticed a death yak
 10496 | Lair:2   | 10496 ||| INVOKING Heroism.
 10499 | Lair:2   | Noticed a death yak
 10500 | Lair:2   | 10500 ||| RETREATING.
 10504 | Lair:2   | Noticed a death yak
 10507 | Lair:2   | 10507 ||| Stepping ~*~*~tactically~*~*~ (retreating).
 10511 | Lair:2   | 10511 ||| Stepping ~*~*~tactically~*~*~ (retreating).
 10512 | Lair:2   | 10512 ||| Stepping ~*~*~tactically~*~*~ (retreating).
 10513 | Lair:2   | 10513 ||| Stepping ~*~*~tactically~*~*~ (retreating).
 10514 | Lair:2   | 10514 ||| Stepping ~*~*~tactically~*~*~ (retreating).
 10515 | Lair:2   | 10515 ||| Stepping ~*~*~tactically~*~*~ (retreating).
 10516 | Lair:2   | 10516 ||| Stepping ~*~*~tactically~*~*~ (retreating).
 10519 | Lair:2   | Killed a death yak
 10520 | Lair:2   | Reached skill level 6 in Dodging
 10525 | Lair:2   | Killed a death yak
 10531 | Lair:2   | Killed a death yak
 10695 | Lair:2   | 10695 ||| INVOKING Heroism.
 10697 | Lair:2   | 10697 ||| RETREATING.
 10812 | Lair:2   | 10812 ||| INVOKING Heroism.
 10841 | Lair:2   | 10841 ||| INVOKING Heroism.
 10867 | Lair:2   | 10867 ||| INVOKING Heroism.
 11003 | Lair:2   | 11003 ||| INVOKING Heroism.
 11010 | Lair:2   | Reached XP level 13. HP: 82/82 MP: 18/20
 11245 | Lair:2   | 11245 ||| DROPPING +0 robe of positive energy.
 11246 | Lair:2   | 11246 ||| UPGRADING to +1 pair of gloves.
 11376 | Lair:3   | 11376 ||| Stepping ~*~*~tactically~*~*~ (outnumbered).
 11383 | Lair:3   | 11383 ||| INVOKING Heroism.
 11385 | Lair:3   | Reached skill level 16 in Ranged Weapons
 11501 | Lair:3   | 11501 ||| INVOKING Heroism.
 11572 | Lair:3   | 11572 ||| RETREATING.
 11580 | Lair:3   | 11580 ||| Stepping ~*~*~tactically~*~*~ (retreating).
 11706 | Lair:3   | 11706 ||| Stepping ~*~*~tactically~*~*~ (retreating).
 11707 | Lair:3   | 11707 ||| INVOKING Heroism.
 11710 | Lair:3   | 11710 ||| Stepping ~*~*~tactically~*~*~ (cloud).
 11712 | Lair:3   | 11712 ||| Stepping ~*~*~tactically~*~*~ (cloud).
 11978 | Lair:3   | 11978 ||| INVOKING Heroism.
 12260 | Lair:3   | 12260 ||| INVOKING Heroism.
 12322 | Lair:3   | Found a staircase to the Swamp.
 12349 | Lair:3   | 12349 ||| READING scroll labelled ZIPEYCLUUF.
 12375 | Lair:4   | Noticed Rupert
 12376 | Lair:4   | 12376 ||| INVOKING Heroism.
 12384 | Lair:4   | 12384 ||| STAIRDANCE
 12386 | Lair:3   | Killed Rupert
 12387 | Lair:3   | Reached skill level 12 in Fighting
 12456 | Lair:4   | 12456 ||| STAIRDANCE
 12534 | Lair:4   | 12534 ||| INVOKING Heroism.
 12568 | Lair:4   | 12568 ||| RETREATING.
 12569 | Lair:4   | Received a gift from Okawaru
 12641 | Lair:4   | 12641 ||| RETREATING.
 12661 | Lair:4   | 12661 ||| Stepping ~*~*~tactically~*~*~ (retreating).
 12662 | Lair:4   | 12662 ||| Stepping ~*~*~tactically~*~*~ (retreating).
 12663 | Lair:4   | 12663 ||| Stepping ~*~*~tactically~*~*~ (retreating).
 12812 | Lair:4   | 12812 ||| RETREATING.
 12814 | Lair:4   | 12814 ||| INVOKING Heroism.
 12824 | Lair:4   | 12824 ||| Stepping ~*~*~tactically~*~*~ (retreating).
 12943 | Lair:4   | 12943 ||| RETREATING.
 13002 | Lair:4   | 13002 ||| INVOKING Heroism.
 13004 | Lair:4   | 13004 ||| RETREATING.
 13015 | Lair:4   | Gained mutation: Your large and strong wings let you fly.
                  | [Gargoyle growth]
 13015 | Lair:4   | Reached XP level 14. HP: 94/94 MP: 21/21
 13153 | Lair:4   | 13153 ||| INVOKING Heroism.
 13363 | Lair:4   | 13363 ||| READING scroll labelled ILO HIUPSA.
 13479 | Lair:5   | Entered Level 5 of the Lair of Beasts
 13490 | Lair:5   | 13490 ||| INVOKING Heroism.
 13491 | Lair:5   | 13491 ||| INVOKING Finesse.
 13529 | Lair:5   | 13529 ||| RETREATING.
 13542 | Lair:5   | Reached skill level 9 in Dodging
 13563 | Lair:5   | 13563 ||| INVOKING Heroism.
 13657 | Lair:5   | Found a frozen archway.
 13688 | Lair:5   | Found a viscous altar of Jiyva.
 13779 | Lair:5   | 13779 ||| RETREATING.
 13798 | Lair:5   | Received a gift from Okawaru
 13949 | Lair:5   | 13949 ||| Stepping ~*~*~tactically~*~*~ (cloud).
 13951 | Lair:5   | 13951 ||| Stepping ~*~*~tactically~*~*~ (cloud).
 13994 | Lair:5   | 13994 ||| Stepping ~*~*~tactically~*~*~ (outnumbered).
 13996 | Lair:5   | 13996 ||| RETREATING.
 13998 | Lair:5   | 13998 ||| RETREATING.
 14008 | Lair:5   | 14008 ||| INVOKING Heroism.
 14161 | Lair:5   | Found a stormy altar of Qazlal.
 14193 | Lair:5   | 14193 ||| Stepping ~*~*~tactically~*~*~ (retreating).
 14194 | Lair:5   | 14194 ||| Stepping ~*~*~tactically~*~*~ (retreating).
 14195 | Lair:5   | 14195 ||| Stepping ~*~*~tactically~*~*~ (retreating).
 14197 | Lair:5   | 14197 ||| Stepping ~*~*~tactically~*~*~ (retreating).
 14205 | Lair:5   | 14205 ||| INVOKING Heroism.
 14484 | Lair:5   | 14484 ||| FLEEEEING.
 14546 | Lair:5   | Found a large runed translucent door.
 14546 | Lair:5   | Found a large runed translucent door.
 14549 | Lair:5   | 14549 ||| READING scroll labelled LIXTIGG ZONONN.
 14553 | Lair:5   | 14553 ||| RETREATING.
 14560 | Lair:5   | 14560 ||| Stepping ~*~*~tactically~*~*~ (retreating).
 14563 | Lair:5   | 14563 ||| INVOKING Heroism.
 14894 | Lair:5   | 14894 ||| INVOKING Heroism.
 14899 | Lair:5   | Reached skill level 15 in Fighting
 14987 | Lair:5   | Found a staircase to the Slime Pits.
 15253 | Lair:5   | 15253 ||| PLANNING D:1-11
 15601 | D:11     | Noticed Lodul
 15607 | D:11     | 15607 ||| RETREATING.
 15621 | D:11     | 15621 ||| FLEEEEING.
 15622 | D:11     | 15622 ||| FLEEEEING.
 15623 | D:11     | 15623 ||| FLEEEEING.
 15624 | D:11     | 15624 ||| FLEEEEING.
 15625 | D:11     | 15625 ||| FLEEEEING.
 15626 | D:11     | 15626 ||| FLEEEEING.
 15627 | D:11     | 15627 ||| FLEEEEING.
 15628 | D:11     | 15628 ||| FLEEEEING.
 15629 | D:11     | 15629 ||| FLEEEEING.
 15630 | D:11     | 15630 ||| STAIRDANCE
 15661 | D:11     | 15661 ||| STAIRDANCE
 15670 | D:11     | Killed Lodul
 15707 | D:11     | Noticed Tsarbomb's ghost (journeyman DsGl)
 15806 | D:11     | 15806 ||| READING scroll of enchant armour.
 15806 | D:11     | 15806 ||| ENCHANTING +1 pair of gloves.
 15826 | D:11     | Found a transporter.
 15837 | D:11     | Found a transporter.
 15842 | D:11     | Found a one-way gate to the infinite horrors of the Abyss.
 15859 | D:11     | Identified the +5 trident of Contention {freeze, Will+
                  | Str+3}
 16011 | D:11     | 16011 ||| PLANNING D
 16050 | D:12     | 16050 ||| RETREATING.
 16080 | D:12     | Found a radiant altar of Vehumet.
 16101 | D:12     | 16101 ||| INVOKING Heroism.
 16577 | D:12     | 16577 ||| UPGRADING to amulet of faith.
 16587 | D:12     | 16587 ||| DROPPING ring of magical power.
 16837 | D:13     | Noticed Kirke
 16838 | D:13     | 16838 ||| INVOKING Heroism.
 16839 | D:13     | 16839 ||| INVOKING Finesse.
 16849 | D:13     | Killed Kirke
 17035 | D:13     | 17035 ||| Stepping ~*~*~tactically~*~*~ (outnumbered).
 17148 | D:13     | 17148 ||| INVOKING Heroism.
 17154 | D:13     | Reached XP level 15. HP: 55/104 MP: 20/22
 17369 | D:13     | Found a basalt altar of Yredelemnul.
 17415 | D:13     | 17415 ||| INVOKING Heroism.
 17692 | D:13     | You are sucked into a shaft and drop 2 floors!
 17692 | D:15     | Entered Level 15 of the Dungeon
 17745 | D:15     | Noticed Josephine
 17750 | D:15     | Killed Josephine
 17751 | D:15     | Reached skill level 6 in Armour
 17813 | D:15     | 17813 ||| INVOKING Heroism.
 17838 | D:15     | 17838 ||| DROPPING +2 robe of willpower.
 17839 | D:15     | 17839 ||| DROPPING +0 steam dragon scales.
 17840 | D:15     | 17840 ||| UPGRADING to ring of protection from cold.
 17842 | D:15     | 17842 ||| UPGRADING to +0 troll leather armour.
 18091 | D:14     | 18091 ||| RETREATING.
 18093 | D:14     | 18093 ||| Stepping ~*~*~tactically~*~*~ (retreating).
 18269 | D:14     | 18269 ||| Stepping ~*~*~tactically~*~*~ (outnumbered).
 18288 | D:14     | Received a gift from Okawaru
 18408 | D:14     | 18408 ||| RETREATING.
 18410 | D:14     | 18410 ||| INVOKING Heroism.
 18412 | D:14     | 18412 ||| READING 5 scrolls of teleportation.
 18575 | D:14     | 18575 ||| RETREATING.
 18579 | D:14     | 18579 ||| Stepping ~*~*~tactically~*~*~ (retreating).
 18580 | D:14     | 18580 ||| Stepping ~*~*~tactically~*~*~ (retreating).
 18581 | D:14     | 18581 ||| Stepping ~*~*~tactically~*~*~ (retreating).
 18582 | D:14     | 18582 ||| Stepping ~*~*~tactically~*~*~ (retreating).
 18584 | D:14     | 18584 ||| INVOKING Heroism.
 18636 | D:14     | Found a gate to the Vaults.
 18839 | D:15     | 18839 ||| RETREATING.
 18843 | D:15     | 18843 ||| INVOKING Heroism.
 18852 | D:15     | HP: 25/105 [meliai/+0 hand axe (5)]
 18853 | D:15     | 18853 ||| READING 4 scrolls of teleportation.
 18853 | D:15     | HP: 11/105 [meliai/divine providence (11)]
 18854 | D:15     | 18854 ||| DRINKING 3 potions of heal wounds.
 18855 | D:15     | 18855 ||| DRINKING 2 potions of heal wounds.
 18987 | D:15     | 18987 ||| INVOKING Heroism.
 19095 | D:15     | Found a snail-covered altar of Cheibriados.
 19159 | D:15     | 19159 ||| INVOKING Heroism.
 19231 | D:15     | 19231 ||| READING scroll of enchant weapon.
 19231 | D:15     | 19231 ||| ENCHANTING +0 heavy orcbow.
 19260 | D:15     | 19260 ||| INVOKING Heroism.
 19300 | D:15     | 19300 ||| Stepping ~*~*~tactically~*~*~ (outnumbered).
 19396 | D:15     | 19396 ||| Stepping ~*~*~tactically~*~*~ (outnumbered).
 19397 | D:15     | 19397 ||| FLEEEEING.
 19401 | D:15     | 19401 ||| INVOKING Heroism.
 19528 | D:15     | Found a staircase to the Depths.
 19685 | D:15     | 19685 ||| PLANNING ORC
 19822 | Orc:1    | Entered Level 1 of the Orcish Mines
 19831 | Orc:1    | 19831 ||| Stepping ~*~*~tactically~*~*~ (outnumbered).
 19834 | Orc:1    | Received a gift from Okawaru
 20030 | Orc:2    | Entered Level 2 of the Orcish Mines
 20070 | Orc:1    | 20070 ||| RETREATING.
 20075 | Orc:1    | 20075 ||| INVOKING Heroism.
 20093 | Orc:1    | HP: 20/107 [orc warrior/+0 war axe (14)]
 20094 | Orc:1    | 20094 ||| READING 3 scrolls of teleportation.
 20095 | Orc:1    | 20095 ||| DRINKING potion of heal wounds.
 20202 | Orc:2    | Found a staircase to the Elven Halls.
 20261 | Orc:2    | 20261 ||| Stepping ~*~*~tactically~*~*~ (outnumbered).
 20268 | Orc:2    | 20268 ||| Stepping ~*~*~tactically~*~*~ (outnumbered).
 20271 | Orc:2    | 20271 ||| Stepping ~*~*~tactically~*~*~ (outnumbered).
 20272 | Orc:2    | 20272 ||| Stepping ~*~*~tactically~*~*~ (outnumbered).
 20273 | Orc:2    | 20273 ||| Stepping ~*~*~tactically~*~*~ (outnumbered).
 20281 | Orc:2    | 20281 ||| Stepping ~*~*~tactically~*~*~ (outnumbered).
 20292 | Orc:2    | 20292 ||| INVOKING Heroism.
 20301 | Orc:2    | 20301 ||| Stepping ~*~*~tactically~*~*~ (retreating).
 20302 | Orc:2    | 20302 ||| RETREATING.
 20304 | Orc:2    | 20304 ||| Stepping ~*~*~tactically~*~*~ (retreating).
 20306 | Orc:2    | 20306 ||| Stepping ~*~*~tactically~*~*~ (retreating).
 20307 | Orc:2    | 20307 ||| Stepping ~*~*~tactically~*~*~ (retreating).
 20308 | Orc:2    | 20308 ||| Stepping ~*~*~tactically~*~*~ (retreating).
 20309 | Orc:2    | 20309 ||| INVOKING Heroism.
 20310 | Orc:2    | 20310 ||| Stepping ~*~*~tactically~*~*~ (retreating).
 20311 | Orc:2    | 20311 ||| Stepping ~*~*~tactically~*~*~ (retreating).
 20419 | Orc:2    | 20419 ||| RETREATING.
 20422 | Orc:2    | 20422 ||| Stepping ~*~*~tactically~*~*~ (outnumbered).
 20427 | Orc:2    | 20427 ||| Stepping ~*~*~tactically~*~*~ (outnumbered).
 20577 | Orc:2    | Identified the +3 helmet "Qoczyg" {rN+ Int+3} (Okawaru
                  | gifted it to you on level 2 of the Orcish Mines)
 20577 | Orc:2    | Received a gift from Okawaru
 20643 | Orc:2    | 20643 ||| Stepping ~*~*~tactically~*~*~ (outnumbered).
 20645 | Orc:2    | 20645 ||| Stepping ~*~*~tactically~*~*~ (outnumbered).
 20657 | Orc:2    | 20657 ||| INVOKING Heroism.
 20658 | Orc:2    | 20658 ||| Stepping ~*~*~tactically~*~*~ (retreating).
 20659 | Orc:2    | 20659 ||| Stepping ~*~*~tactically~*~*~ (retreating).
 20660 | Orc:2    | 20660 ||| Stepping ~*~*~tactically~*~*~ (retreating).
 20661 | Orc:2    | 20661 ||| Stepping ~*~*~tactically~*~*~ (retreating).
 20663 | Orc:2    | 20663 ||| Stepping ~*~*~tactically~*~*~ (retreating).
 20664 | Orc:2    | 20664 ||| Stepping ~*~*~tactically~*~*~ (retreating).
 20665 | Orc:2    | 20665 ||| Stepping ~*~*~tactically~*~*~ (retreating).
 20667 | Orc:2    | 20667 ||| Stepping ~*~*~tactically~*~*~ (outnumbered).
 20676 | Orc:2    | Reached XP level 16. HP: 102/114 MP: 23/23
 20705 | Orc:2    | 20705 ||| INVOKING Heroism.
 20788 | Orc:2    | Found Moerolig's Antique Weapon Emporium.
 20794 | Orc:2    | 20794 ||| BUYING glowing longbow (351 gold).
 20794 | Orc:2    | Bought a glowing longbow for 351 gold pieces
 20794 | Orc:2    | 20794 ||| SWAPPING to +2 longbow of flaming.
 20795 | Orc:2    | 20795 ||| DROPPING +1 heavy orcbow.
 20824 | Orc:2    | 20824 ||| INVOKING Heroism.
 20840 | Orc:2    | Found Yzujuaf's Armour Shoppe.
 20840 | Orc:2    | Found Pyrghosu's Antique Armour Shop.
 20840 | Orc:2    | Found Weqyx's Assorted Antiques.
 20844 | Orc:2    | Found Jomaedgh's Armour Emporium.
 20848 | Orc:2    | 20848 ||| BUYING +1 ring mail of fire resistance (256
                  | gold).
 20848 | Orc:2    | Bought a +1 ring mail of fire resistance for 256 gold
                  | pieces
 20849 | Orc:2    | 20849 ||| BUYING glowing leather armour (160 gold).
 20849 | Orc:2    | Bought a glowing leather armour for 160 gold pieces
 20851 | Orc:2    | 20851 ||| BUYING 2 potions of enlightenment (320 gold).
 20851 | Orc:2    | Bought 2 potions of enlightenment for 320 gold pieces
 20851 | Orc:2    | 20851 ||| BUYING scroll of enchant weapon (240 gold).
 20851 | Orc:2    | Bought a scroll of enchant weapon for 240 gold pieces
 20851 | Orc:2    | 20851 ||| BUYING scroll of identify (64 gold).
 20851 | Orc:2    | Bought a scroll of identify for 64 gold pieces
 20851 | Orc:2    | 20851 ||| READING scroll of enchant weapon.
 20851 | Orc:2    | 20851 ||| ENCHANTING +2 longbow of flaming.
 20875 | Orc:2    | 20875 ||| INVOKING Heroism.
 20887 | Orc:2    | 20887 ||| Stepping ~*~*~tactically~*~*~ (outnumbered).
 20890 | Orc:2    | 20890 ||| INVOKING Heroism.
 20909 | Orc:2    | 20909 ||| UPGRADING to +3 helmet "Qoczyg" {rN+ Int+3}.
 20919 | Orc:2    | 20919 ||| DROPPING +3 leather armour.
 20920 | Orc:2    | 20920 ||| DROPPING +1 helmet.
 21216 | Orc:2    | 21216 ||| INVOKING Heroism.
 21256 | Orc:2    | 21256 ||| PLANNING SNAKE:1-3
 21434 | Snake:1  | Entered Level 1 of the Snake Pit
 21450 | Snake:1  | Found a transporter.
 21591 | Snake:1  | Found a runed translucent door.
 21592 | Snake:1  | Found a shimmering altar of Xom.
 21592 | Snake:1  | Noticed Kicir's ghost (adept GnFi)
 21598 | Snake:1  | 21598 ||| INVOKING Heroism.
 21604 | Snake:1  | 21604 ||| RETREATING.
 21613 | Snake:1  | 21613 ||| RETREATING.
 21614 | Snake:1  | 21614 ||| Stepping ~*~*~tactically~*~*~ (outnumbered).
 21616 | Snake:1  | 21616 ||| Stepping ~*~*~tactically~*~*~ (outnumbered).
 21618 | Snake:1  | 21618 ||| Stepping ~*~*~tactically~*~*~ (outnumbered).
 21623 | Snake:1  | 21623 ||| Stepping ~*~*~tactically~*~*~ (outnumbered).
 21631 | Snake:1  | 21631 ||| Stepping ~*~*~tactically~*~*~ (outnumbered).
 21792 | Snake:1  | Found a transporter.
 22067 | Snake:1  | 22067 ||| RETREATING.
 22102 | Snake:1  | Reached skill level 17 in Ranged Weapons
 22248 | Snake:1  | 22248 ||| RETREATING.
 22250 | Snake:1  | 22250 ||| Stepping ~*~*~tactically~*~*~ (retreating).
 22251 | Snake:1  | 22251 ||| Stepping ~*~*~tactically~*~*~ (retreating).
 22253 | Snake:1  | 22253 ||| Stepping ~*~*~tactically~*~*~ (retreating).
 22254 | Snake:1  | 22254 ||| Stepping ~*~*~tactically~*~*~ (retreating).
 22548 | Snake:1  | 22548 ||| INVOKING Heroism.
 22554 | Snake:1  | Identified the +7 shortbow "Orb Guardian's Doom" {elec,
                  | Str+2} (Okawaru gifted it to you on level 1 of the Snake
                  | Pit)
 22554 | Snake:1  | Received a gift from Okawaru
 22718 | Snake:1  | 22718 ||| DROPPING +3 leather armour.
 22754 | Snake:2  | 22754 ||| Stepping ~*~*~tactically~*~*~ (outnumbered).
 22755 | Snake:2  | 22755 ||| Stepping ~*~*~tactically~*~*~ (outnumbered).
 22758 | Snake:2  | 22758 ||| Stepping ~*~*~tactically~*~*~ (outnumbered).
 22760 | Snake:2  | 22760 ||| Stepping ~*~*~tactically~*~*~ (outnumbered).
 22764 | Snake:2  | 22764 ||| RETREATING.
 22765 | Snake:2  | 22765 ||| Stepping ~*~*~tactically~*~*~ (outnumbered).
 22766 | Snake:2  | 22766 ||| Stepping ~*~*~tactically~*~*~ (outnumbered).
 22767 | Snake:2  | 22767 ||| Stepping ~*~*~tactically~*~*~ (outnumbered).
 22771 | Snake:2  | 22771 ||| RETREATING.
 22772 | Snake:2  | 22772 ||| Stepping ~*~*~tactically~*~*~ (retreating).
 22778 | Snake:2  | 22778 ||| INVOKING Heroism.
 23041 | Snake:2  | Found Irutyde's Weapon Boutique.
 23118 | Snake:2  | Noticed a nagaraja
 23119 | Snake:2  | 23119 ||| Stepping ~*~*~tactically~*~*~ (retreating).
 23120 | Snake:2  | 23120 ||| Stepping ~*~*~tactically~*~*~ (retreating).
 23124 | Snake:2  | 23124 ||| Stepping ~*~*~tactically~*~*~ (retreating).
 23125 | Snake:2  | 23125 ||| Stepping ~*~*~tactically~*~*~ (retreating).
 23126 | Snake:2  | 23126 ||| INVOKING Heroism.
 23127 | Snake:2  | 23127 ||| Stepping ~*~*~tactically~*~*~ (retreating).
 23129 | Snake:2  | 23129 ||| RETREATING.
 23130 | Snake:2  | 23130 ||| Stepping ~*~*~tactically~*~*~ (retreating).
 23149 | Snake:2  | 23149 ||| Stepping ~*~*~tactically~*~*~ (outnumbered).
 23150 | Snake:2  | 23150 ||| Stepping ~*~*~tactically~*~*~ (retreating).
 23151 | Snake:2  | 23151 ||| Stepping ~*~*~tactically~*~*~ (outnumbered).
 23152 | Snake:2  | 23152 ||| Stepping ~*~*~tactically~*~*~ (retreating).
 23153 | Snake:2  | 23153 ||| Stepping ~*~*~tactically~*~*~ (retreating).
 23161 | Snake:2  | 23161 ||| Stepping ~*~*~tactically~*~*~ (retreating).
 23162 | Snake:2  | Received a gift from Okawaru
 23166 | Snake:2  | HP: 28/114 [salamander/+0 halberd (13)]
 23167 | Snake:2  | 23167 ||| READING 3 scrolls of teleportation.
 23168 | Snake:2  | Killed a nagaraja
 23284 | Snake:2  | Noticed a nagaraja
 23285 | Snake:2  | 23285 ||| RETREATING.
 23286 | Snake:2  | 23286 ||| INVOKING Heroism.
 23289 | Snake:2  | Reached skill level 18 in Ranged Weapons
 23294 | Snake:2  | Killed a nagaraja
 23307 | Snake:2  | HP: 17/114 [salamander mystic/+4 scimitar (13)]
 23308 | Snake:2  | 23308 ||| READING 2 scrolls of teleportation.
 23308 | Snake:2  | HP: 4/114 [salamander tyrant (6)]
 23308 | Snake:2  | Mangled by a salamander tyrant

Levels and vault maps discovered:
D:1:      dpeg_arrival_radiant, layout_basic
D:2:      layout_basic
D:3:      layout_basic
D:4:      layout_loops_ring, serial_shops, nicolae_shop_tiny_glass,
          uniq_menkaure, uniq_crazy_yiuf_cottage
D:5:      layout_loops_ring, mainiacjoe_overflow_alcove_2
D:6:      layout_basic, nicolae_zen_rock_garden, st_stairs_4
D:7:      layout_gridville, minmay_temple_entry_grid, nzn_ghost_randoct,
          dk_vineyard_1
D:8:      layout_cave_pods
D:9:      layout_roguey, orc_0_dummy, uniq_jeremiah
D:10:     layout_loops_ring, dpeg_lair_monsters, nicolae_elevator_lobby_asterisk
D:11:     layout_small_grid, gammafunk_ghost_abyssal_escape, uniq_lodul
D:12:     layout_cave_pools, vehumet_crystals
D:13:     layout_basic, nicolae_nh_vlads_tower, uniq_kirke
D:14:     layout_loops_ring, david_vaults_4, chequers_serial_rivers_room_a
D:15:     grunt_enter_depths_magical_seal, layout_long_grid,
          cheibriados_altar_1, uniq_josephine
Temple:   kilobyte_greek_temple
Lair:1:   layout_concentric_octagons, st_stairs_3
Lair:2:   minmay_lair_oklob_chamber, layout_cave_pods,
          nicolae_snake_entry_squirm
Lair:3:   layout_regular_city, nicolae_swamp_entry_splash_gauntlet,
          st_stairs_10, infiniplex_staircase_pool, grunt_megastairs_4
Lair:4:   layout_gridlike, infiniplex_staircase_pool_2, uniq_rupert
Lair:5:   cheibrodos_lair_end_hotspot, layout_small_grid,
          nicolae_slime_entry_slimehenge, basic_altar,
          portal_ice_cave_entry_pillars_1, minmay_lair_drake_nest
Snake:1:  gammafunk_the_bubble [the_bubble_gammafunk_split], layout_chambers,
          ebering_ghost_xom, grunt_megastairs_2, serial_bayou_shore_a
Snake:2:  layout_basic, serial_shops, nicolae_shop_gaudy_bauble, shop,
          nicolae_shop_tiny_glass, nicolae_snake_scaly_snakehead,
          serial_bayou_shore_b, uniq_vashnia
Orc:1:    layout_caves, serial_shops, shop, basic_altar, mines1_david
Orc:2:    st_orc_rangers, layout_caves, basic_altar, serial_shops,
          nicolae_shop_rolling_square, minmay_orc_temple_c

Skill      XL: |  1  2  3  4  5  6  7  8  9 10 11 12 13 14 15 16 |
---------------+-------------------------------------------------+-----
Armour         | 1 2 3 4 5 8 |  8.0
Ranged Weapons | 5 6 8 10 11 13 14 15 16 18 | 18.1
Fighting       | 3 5 6 7 9 10 13 15 17 | 17.9
Dodging        | 2 3 4 5 6 8 10 11 | 11.0
Invocations    | 4 7 10 | 10.0
Stealth        | |  1.1

Action                     |  1- 3 |  4- 6 |  7- 9 | 10-12 | 13-15 | 16-18 || total
---------------------------+-------+-------+-------+-------+-------+-------++-------
   Fire: Shortbow          |    99 |   171 |   254 |   122 |       |       ||   646
         Orcbow            |       |       |       |   305 |  1138 |    13 ||  1456
         Longbow           |       |       |       |       |       |   334 ||   334
 Invoke: Heroism           |       |       |     4 |    31 |    32 |    10 ||    77
         Finesse           |       |       |       |     2 |     2 |       ||     4
    Use: Scroll            |     6 |     4 |     8 |     7 |     8 |     3 ||    36
         Potion            |     1 |     1 |     8 |     1 |     3 |       ||    14
 Armour: Leather armour    |    15 |       |       |       |       |       ||    15
         Ring mail         |    23 |    81 |    85 |     2 |       |       ||   191
         Robe              |       |       |       |   106 |   211 |       ||   317
         Troll leather arm |       |       |       |       |   235 |   155 ||   390
  Dodge: Dodged            |    30 |    34 |    83 |   141 |   660 |   224 ||  1172
  Block: Other             |       |       |       |    19 |    51 |       ||    70
         Reflection        |       |       |       |       |     1 |       ||     1

Table legend:
 A = Non-vault XP
 B = Vault XP
 C = Vault XP percentage of total XP
 D = Non-vault monster count
 E = Vault monster count
 F = Vault count percentage of total count
                 A         B        C        D         E       F
            +---------+---------+-------+---------+---------+-------
      Total |  108439 |   55169 |  33.7 |     547 |     183 |  25.1
            +---------+---------+-------+---------+---------+-------
        D:1 |      26 |       0 |   0.0 |      15 |       0 |   0.0
        D:2 |      33 |       0 |   0.0 |      14 |       0 |   0.0
        D:3 |      53 |       0 |   0.0 |      14 |       0 |   0.0
        D:4 |     254 |     172 |  40.4 |      18 |       1 |   5.3
        D:5 |     370 |       0 |   0.0 |      12 |       0 |   0.0
        D:6 |     787 |      43 |   5.2 |      14 |       1 |   6.7
        D:7 |    1249 |       0 |   0.0 |      30 |       0 |   0.0
        D:8 |    1940 |       0 |   0.0 |      40 |       0 |   0.0
        D:9 |    2679 |     394 |  12.8 |      35 |       1 |   2.8
       D:10 |    3119 |    2777 |  47.1 |      22 |      14 |  38.9
       D:11 |    3884 |    1122 |  22.4 |      16 |       4 |  20.0
       D:12 |    3352 |       0 |   0.0 |      11 |       0 |   0.0
       D:13 |    1029 |    5955 |  85.3 |       9 |      10 |  52.6
       D:14 |    7357 |    2545 |  25.7 |      16 |       4 |  20.0
       D:15 |    9918 |    6218 |  38.5 |      29 |      13 |  31.0
     Lair:1 |    5908 |     922 |  13.5 |      25 |       3 |  10.7
     Lair:2 |    9783 |    1951 |  16.6 |      25 |       6 |  19.4
     Lair:3 |    7618 |    5193 |  40.5 |      25 |      12 |  32.4
     Lair:4 |   10596 |       0 |   0.0 |      35 |       0 |   0.0
     Lair:5 |   10829 |    8249 |  43.2 |      26 |      36 |  58.1
    Snake:1 |   11013 |    2167 |  16.4 |      22 |       4 |  15.4
    Snake:2 |    8718 |    7056 |  44.7 |      15 |      12 |  44.4
      Orc:1 |    3261 |       0 |   0.0 |      34 |       0 |   0.0
      Orc:2 |    4663 |   10405 |  69.1 |      45 |      62 |  57.9
            +---------+---------+-------+---------+---------+-------
